General information
- name: grudgecity
- type: Custom game
- host: EoTXiiI
- saver: timg4strOK
map: TwistedMeadows
- players: 12
- length: 09:07
- speed: Fast
- version: 1.21 W3XP
- replay type:

» download(39 KB)
Players
team 1 (loser)
prower (
gray | 183 APM | 1663 actions | 09:05)
1 Archmage
1 Summon Water Elemental
1 Mountain King
1 Storm Bolt
» actions
| Assign group hotkey | 116 | |
| Basic commands | 23 | |
| Build / train | 43 | |
| Enter build submenu | 12 | |
| Enter hero's abilities submenu | 2 | |
| Right click | 663 | |
| Select / deselect | 254 | |
| Select group hotkey | 470 | |
| Use ability | 80 | |
1663 total
» units
| Peasant | 10 | |
| Footman | 5 | |
| Rifleman | 3 | |
| Sorceress | 3 | |
| Priest | 1 | |
22 total
» upgrades
» buildings
| Altar of Kings | 1 | |
| Barracks | 1 | |
| Farm | 5 | |
| Scout Tower | 1 | |
| Arcane Tower | 1 | |
| Keep | 5 | |
| Blacksmith | 1 | |
| Arcane Vault | 1 | |
| Arcane Sanctum | 1 | |
17 total
» build order
00:07 Altar of Kings
00:18 Barracks
00:33 Farm
01:03 Farm
01:35 Farm
01:48 Scout Tower
02:19 Arcane Tower
03:16 Keep
03:16 Keep
03:17 Keep
03:17 Keep
03:44 Blacksmith
03:57 Arcane Vault
05:02 Farm
05:04 Farm
06:05 Arcane Sanctum
» items
| Boots of Speed | 1 | |
| Lesser Clarity Potion | 1 | |
| Potion of Healing | 1 | |
| Scroll of Regeneration | 2 | |
5 total
team 2 (winner)

»
timg4strOK (
teal | 112 APM | 1021 actions | 09:07)
3 Blademaster
1 Wind Walk
2 Critical Strike
1 Tauren Chieftain
1 War Stomp
» actions
| Assign group hotkey | 11 | |
| Basic commands | 5 | |
| Build / train | 37 | |
| Enter build submenu | 9 | |
| Enter hero's abilities submenu | 4 | |
| Give item / drop item | 1 | |
| Right click | 560 | |
| Select / deselect | 77 | |
| Select group hotkey | 282 | |
| Use ability | 35 | |
1021 total
» units
| Peon | 7 | |
| Grunt | 7 | |
| Spirit Walker | 2 | |
| Raider | 2 | |
18 total
» upgrades
| Berserker Strength | 1 | |
| Spirit Walker Training | 1 | |
| Ensnare | 1 | |
| Pillage | 1 | |
4 total
» buildings
| Altar of Storms | 1 | |
| Orc Burrow | 4 | |
| Barracks | 1 | |
| Voodoo Lounge | 1 | |
| Stronghold | 1 | |
| Beastiary | 1 | |
| Spirit Lodge | 1 | |
10 total
» build order
00:06 Altar of Storms
00:08 Orc Burrow
00:37 Barracks
01:26 Orc Burrow
01:55 Voodoo Lounge
03:15 Stronghold
03:56 Orc Burrow
05:38 Beastiary
05:40 Spirit Lodge
06:43 Orc Burrow
» items
| Healing Salve | 2 | |
| Lesser Clarity Potion | 2 | |
| Scroll of Town Portal | 1 | |
| Scroll of Speed | 1 | |
6 total
refereesEoTXiiI,
Chopstix,
DasSporkMeister,
royceroyce2001,
Yuppidoo.,
dirtmcgirt,
Mata.,
1982subarubrat,
Geil.Nonent,
blueflagon Chat log
(00:12 / All) prower: eta gl
(00:21 / All) timg4strOK: good game & good luck & have fun & manner up & holla back
(00:57 / All) timg4strOK: 2 DAYS
(01:00 / All) timg4strOK: planet
(01:01 / All) timg4strOK: Earth
(09:03 / All) prower: gg